 Dungeon Crawl Stone Soup version 0.17-a0-1255-gd996e2d (webtiles) character file.

65 MonkeyBuisness the Shooter (level 3, -2/30 HPs)
             Began as a Centaur Hunter on June 6, 2015.
             Slain by an orc
             ... wielding a +0 short sword
              (5 damage)
             ... on level 3 of the Dungeon.
             The game lasted 00:05:46 (1946 turns).

MonkeyBuisness the Shooter (Centaur Hunter)         Turns: 1946, Time: 00:05:46

Health: -2/30      AC:  5    Str: 14    XL:     3   Next: 94%
Magic:  3/3        EV:  9    Int: 10    God:
Gold:   104        SH:  0    Dex: 10    Spells: 0 memorised, 2 levels left

rFire  . . .     SeeInvis .     a - +1 shortbow
rCold  . . .     Clarity  .     d - +0 leather armour
rNeg   . . .     SustAt   .     (no shield)
rPois  .         Gourm    .     (no helmet)
rElec  .         Spirit   .     j - +0 cloak
rCorr  .         Warding  .     (no gloves)
rMut   .         Stasis   .     (no barding)
MR     .....                    (no amulet)
Stlth  +.........               (no ring)
                                (no ring)

@: very quick, not resistant to hostile enchantments, very unstealthy
A: hooves 3, deformed body, speed 2, tough skin 3
a: no special abilities


You were on level 3 of the Dungeon.
You were very full.

You visited 1 branch of the dungeon, and saw 3 of its levels.

You collected 104 gold pieces.

Inventory:

Hand weapons
 a - a +1 shortbow (weapon)
 c - a +0 short sword
Missiles
 b - 16 arrows (quivered)
Armour
 d - a +0 leather armour (worn)
 j - a +0 cloak (worn)
   (You found it on level 1 of the Dungeon)
Jewellery
 q - a +4 ring of strength {unknown}
   (You found it on level 1 of the Dungeon)
 t - an uncursed ring of positive energy {unknown}
   (You found it on level 2 of the Dungeon)
Magical devices
 v - a wand of slowing (15)
   (You found it on level 2 of the Dungeon)
Scrolls
 h - a scroll of immolation {unknown}
 i - 2 scrolls of identify {unknown}
 k - 3 scrolls of remove curse {unknown}
 u - a scroll of noise {unknown}
 w - a scroll of fear {unknown}
Potions
 l - a potion of mutation {unknown}
 m - a potion of brilliance {unknown}
 n - a potion of lignification {unknown}
 o - a potion of might {unknown}
 p - 2 potions of degeneration {unknown}
 r - 2 potions of cancellation {unknown}
 s - a potion of curing {unknown}
Comestibles
 e - a bread ration {@e1}
 x - a meat ration {@e2}


   Skills:
 + Level 2.4 Fighting
 + Level 5.9 Bows
 + Level 0.8 Armour
 + Level 2.1 Dodging
 - Level 0.8 Stealth


You had 2 spell levels left.
You didn't know any spells.

Dungeon Overview and Level Annotations

Branches:
Dungeon (3/15)

Altars:
Qazlal


Innate Abilities, Weirdness & Mutations

You have hooves in place of feet.
Armour fits poorly on your strangely shaped body.
You cover ground very quickly.
You have extremely tough skin (AC +3).


Message History

No target in view!
No target in view!
No target in view!
Found a stone staircase leading down.
Found a stormy altar of Qazlal.
b - 37 arrows (gained 1)
You see here a giant newt corpse.
Found a stone staircase leading down.
Failed to move towards target.
All monsters which could be auto-targeted are covered by a wall or statue which interrupts your line of fire, even though it doesn't interrupt your line of sight.
There's something in the way.
Aim: a fire elemental (lava, fire blocked by a translucent stone wall)
Okay, then.
Unknown command.
An orc comes into view. It is wielding a club.
The orc shouts!
An orc is nearby!
An orc comes into view. It is wielding a flail of protection.
An orc comes into view. It is wielding a short sword.
Aim: an orc, wielding a club and wearing a chain mail You shoot an arrow.
The orc shouts!
The arrow hits the orc but does no damage.
Aim: an orc, wielding a club and wearing a chain mail You shoot an arrow.
The arrow hits the orc but does no damage.
Aim: an orc, wielding a club and wearing a chain mail You shoot an arrow.
The arrow hits the orc but does no damage.
There is a stormy altar of Qazlal here.
The orc hits you but does no damage.
You see here a giant newt corpse.
Aim: an orc, wielding a short sword and wearing a ring mail You shoot an arrow.
The arrow hits the orc.
Aim: an orc, wielding a short sword and wearing a ring mail (moderately wounded)
You shoot an arrow. The arrow hits the orc.
Aim: an orc, wielding a short sword and wearing a ring mail (almost dead)
You shoot an arrow. The arrow barely misses the orc.
The arrow hits the orc.
Aim: an orc, wielding a flail of protection and wearing a leather armour (heavily wounded)
You shoot an arrow. The arrow closely misses the orc.
The arrow barely misses the orc.
Aim: an orc, wielding a flail of protection and wearing a leather armour (heavily wounded)
You shoot an arrow.
The arrow hits the orc but does no damage.
Aim: an orc, wielding a flail of protection and wearing a leather armour (heavily wounded)
You shoot an arrow. The arrow closely misses the orc.
The orc closely misses you.
Aim: an orc, wielding a flail of protection and wearing a leather armour (heavily wounded)
You shoot an arrow. The arrow closely misses the orc.
The orc misses you.
Aim: an orc, wielding a flail of protection and wearing a leather armour (heavily wounded)
You shoot an arrow.
The arrow hits the orc but does no damage.
Aim: an orc, wielding a flail of protection and wearing a leather armour (heavily wounded)
You shoot an arrow. The arrow barely misses the orc.
The arrow closely misses the orc.
The arrow hits the orc.
The orc hits you with a flail of protection.
You take 6 damage, and have 24/30 hp.
Aim: an orc, wielding a flail of protection and wearing a leather armour (heavily wounded)
You shoot an arrow. The arrow barely misses the orc.
The orc hits you with a flail of protection.
The orc barely misses you.
You take 5 damage, and have 19/30 hp.
You are too injured to fight recklessly!
Aim: an orc, wielding a flail of protection and wearing a leather armour (heavily wounded)
You shoot an arrow.
The arrow hits the orc but does no damage.
The orc hits you with a short sword.
You take 1 damage, and have 18/30 hp.
Aim: an orc, wielding a flail of protection and wearing a leather armour (heavily wounded)
You shoot an arrow. The arrow hits the orc.
You kill the orc!
Aim: an orc, wielding a short sword and wearing a ring mail (moderately wounded)
You shoot an arrow. The arrow hits the orc.
The orc closely misses you. The orc completely misses you.
Aim: an orc, wielding a short sword and wearing a ring mail (severely wounded)
You shoot an arrow.
The arrow hits the orc but does no damage.
The orc hits you with a short sword. The orc barely misses you.
You take 4 damage, and have 14/30 hp.
Aim: an orc, wielding a short sword and wearing a ring mail (severely wounded)
You shoot an arrow. The arrow closely misses the orc.
The orc hits you with a short sword. The orc barely misses you.
You take 4 damage, and have 10/30 hp.
Aim: an orc, wielding a short sword and wearing a ring mail (severely wounded)
You shoot an arrow.
The arrow hits the orc but does no damage.
The orc hits you with a short sword.
* * * LOW HITPOINT WARNING * * *
The orc closely misses you.
You take 3 damage, and have 7/30 hp.
Aim: an orc, wielding a short sword and wearing a ring mail (severely wounded)
You shoot an arrow.
The arrow hits the orc but does no damage.
The orc hits you but does no damage. The orc hits you with a club.
* * * LOW HITPOINT WARNING * * *
You take 4 damage, and have 3/30 hp.
Aim: an orc, wielding a short sword and wearing a ring mail (severely wounded)
You shoot an arrow. The arrow barely misses the orc.
The orc hits you with a short sword.
You die...

### ..# #####
#.########.# ###...###
#......#@#.# #E#...#E#
###.oo#.# ####...###
#..(#.#.# ##.........
#.#.#(#.####....._....
#.<.#.(o((.†..........
#..#..##........###...###
#......#........#E#.(.#E#
#.######(.......###(..###
# ...#+###..>+(......


You could see 2 orcs.

Vanquished Creatures
  3 adders (D:2)
  An orc (D:3)
  A ball python (D:1)
  6 bats
  A giant cockroach (D:1)
  5 hobgoblins
  4 kobolds
  A quokka (D:2)
  2 giant newts
  8 goblins
  6 rats
38 creatures vanquished.

Notes
Turn   | Place    | Note
--------------------------------------------------------------
     0 | D:1      | MonkeyBuisness the Centaur Hunter began the quest for the Orb.
     0 | D:1      | Reached XP level 1. HP: 17/17 MP: 1/1
   276 | D:1      | Reached XP level 2. HP: 24/24 MP: 2/2
  1153 | D:2      | Reached skill level 2 in Dodging
  1170 | D:2      | Reached XP level 3. HP: 29/29 MP: 3/3
  1506 | D:2      | HP: 7/29 [poisoned by an adder]
  1886 | D:3      | Found a stormy altar of Qazlal.
  1887 | D:3      | Noticed an air elemental
  1889 | D:3      | Noticed an earth elemental
  1890 | D:3      | Noticed a fire elemental
  1890 | D:3      | Noticed a water elemental
  1944 | D:3      | HP: 7/30 [orc/short sword (3)]
  1945 | D:3      | HP: 3/30 [orc/club (4)]
  1946 | D:3      | Slain by an orc

Vault maps used:
D:1:      onia_arrival_mini_maze, minmay_misc_feat_rows
D:3:      nicolae_qazlal_style_of_elements, kennysheep_boxes

Action                   || total
-------------------------++-------
Melee: Shortbow          ||    14
 Fire: Shortbow          ||   140
  Eat: Beef jerky        ||     2
       Bread ration      ||     1
       Fruit             ||     1

Vault maps used:
D:1:      onia_arrival_mini_maze, minmay_misc_feat_rows
D:3:      nicolae_qazlal_style_of_elements, kennysheep_boxes

Table legend:
 A = Turns spent in this place as a percentage of turns spent in the entire game.
 B = Non-inter-level travel turns spent in this place as a percentage of non-inter-level travel turns spent in the entire game.
 C = Inter-level travel turns spent in this place as a percentage of turns spent in this place.
 D = Turns resting spent in this place as a percentage of non-inter-level travel turns spent in this place.
 E = Turns spent auto-exploring this place as a percentage of non-inter-level travel turns spent in this place.
 F = Non-inter-level travel turns spent in this place divided by the number of levels of this place that you've seen.
                   A       B       C       D       E      F
               +-------+-------+-------+-------+-------+----------------------
         Total | 100.0 | 100.0 |   0.9 |   0.9 |  20.1 | 111.0
       Dungeon | 100.0 | 100.0 |   0.9 |   0.9 |  20.1 | 111.0
               +-------+-------+-------+-------+-------+----------------------

Table legend:
 A = Kills in this place as a percentage of kills in entire the game.
 B = Kills by you in this place as a percentage of kills by you in the entire game.
 C = Kills by friends in this place as a percentage of kills by friends in the entire game.
 D = Other kills in this place as a percentage of other kills in the entire game.
 E = Experience gained in this place as a percentage of experience gained in the entire game.
 F = Experience gained in this place divided by the number of levels of this place that you have seen.
                   A       B       C       D       E      F
               +-------+-------+-------+-------+-------+----------------------
         Total | 100.0 | 100.0 |  -nan |  -nan | 100.0 |  31.3
       Dungeon | 100.0 | 100.0 |  -nan |  -nan | 100.0 |  31.3
               +-------+-------+-------+-------+-------+----------------------
